 Dungeon Crawl Stone Soup version 0.27-a0-1181-g5f64966fcc (webtiles) character file.

Game seed: 13185705243650910858

6885 lunkers the Magician (level 11, 0/81 HPs)
             Began as a Gnoll Earth Elementalist on May 17, 2021.
             Killed from afar by an electric eel (12 damage)
             ... with a bolt of electricity
             ... on level 9 of the Dungeon.
             The game lasted 00:23:09 (14180 turns).

lunkers the Magician (Gnoll Earth Elementalist)    Turns: 14180, Time: 00:23:10

Health: 0/81       AC:  4    Str:  5    XL:     11   Next: 6%
Magic:  3/22       EV: 15    Int: 17    God:
Gold:   471        SH:  5    Dex: 14    Spells: 14/25 levels left

rFire    + + .     SeeInvis .   e - staff of earth
rCold    . . .     Faith    .   D - +0 buckler
rNeg     + + .     Spirit   .   c - +0 robe
rPois    .         Reflect  .   J - +2 hat
rElec    .         Harm     .   (no cloak)
rCorr    +         Rampage  .   (no gloves)
Will     +++..     Clarity  +   (no boots)
Stlth    ++........             j - amulet of the Four Winds {rN+ Will+++ Clar}
HPRegen  0.23/turn              d - ring of protection from fire
MPRegen  0.18/turn              a - ring of Caefiriof {rF+ rN+ rCorr Str-2 Slay+2}

@: very slow
A: fangs 1, strong nose, distributed training
a: no special abilities


You were on level 9 of the Dungeon.
You visited 2 branches of the dungeon, and saw 10 of its levels.
You also visited: Sewer and Ossuary.

You collected 471 gold pieces.

Inventory:

Missiles
 b - 264 stones
 p - 9 curare-tipped darts
 B - 4 throwing nets
Armour
 c - a +0 robe (worn)
 D - a +0 buckler (worn)
 J - a +2 hat (worn)
Magical Staves
 e - a staff of earth (weapon)
Jewellery
 a - the ring of Caefiriof (right hand) {rF+ rN+ rCorr Str-2 Slay+2}
   (You acquired it on level 8 of the Dungeon)

   [ring of resist corrosion]

   It affects your strength (-2).
   It affects your accuracy and damage with ranged weapons and melee attacks
   (+2).
   It protects you from fire.
   It protects you from negative energy.
   It protects you from acid and corrosion.
 d - a ring of protection from fire (left hand)
 h - a +6 ring of dexterity
 j - the amulet of the Four Winds (around neck) {rN+ Will+++ Clar}
   (You found it on level 9 of the Dungeon)

   [amulet of nothing]

   It protects you from negative energy.
   It protects you against confusion.
   It greatly increases your willpower.
 w - a ring of flight
 z - a ring of positive energy
 K - an amulet of faith
Wands
 r - a wand of iceblast (28)
 s - a wand of mindburst (16)
 y - a wand of flame (12)
 F - a wand of polymorph (6)
Scrolls
 f - 4 scrolls of teleportation
 k - a scroll of summoning
 l - a scroll of fog
 x - a scroll of immolation
 G - a scroll of brand weapon
Potions
 g - 3 potions of flight
 i - 2 potions of might
 m - a potion of haste {unknown}
 n - 9 potions of heal wounds
 o - 5 potions of brilliance
 q - 6 potions of curing
 u - 2 potions of berserk rage {unknown}
 v - 3 potions of ambrosia
 C - a potion of magic {unknown}
 E - a potion of degeneration {unknown}


   Skills:
 + Level 5.9 Fighting
 + Level 5.9 Short Blades
 + Level 5.9 Long Blades
 + Level 5.9 Axes
 + Level 5.9 Maces & Flails
 + Level 5.9 Polearms
 + Level 5.9 Staves
 + Level 5.9 Slings
 + Level 5.9 Bows
 + Level 5.9 Crossbows
 + Level 5.9 Throwing
 + Level 5.9 Armour
 + Level 7.5 Dodging
 + Level 7.3 Stealth
 + Level 5.9 Shields
 + Level 5.9 Unarmed Combat
 + Level 7.8 Spellcasting
 + Level 4.9 Conjurations
 + Level 4.9 Hexes
 + Level 4.9 Summonings
 + Level 4.9 Necromancy
 + Level 4.9 Translocations
 + Level 5.4 Transmutations
 + Level 4.9 Fire Magic
 + Level 4.9 Ice Magic
 + Level 4.9 Air Magic
 + Level 7.4 Earth Magic
 + Level 4.9 Poison Magic
 + Level 6.5 Invocations
 + Level 5.9 Evocations


You had 14 spell levels left.
You knew the following spells:

 Your Spells              Type           Power      Damage    Failure   Level
a - Stone Arrow           Conj/Erth      82%        3d12      2%          3
b - Passwall              Tmut/Erth      35%        N/A       1%          2
c - Sandblast             Erth           96%        2d20      1%          1
d - Lee's Rapid Deconstr  Erth           24%        3d14*     14%         5

Your spell library contained the following spells:

 Spells                   Type           Power      Damage    Failure   Level
 Corona                   Hex            25%        N/A       1%          1
 Magic Dart               Conj           92%        1d7       1%          1
 Shock                    Conj/Air       92%        1d8       1%          1
 Blink                    Tloc           N/A        N/A       2%          2
 Call Imp                 Summ           23%        N/A       2%          2
 Ensorcelled Hibernation  Hex/Ice        46%        N/A       2%          2
 Searing Ray              Conj           46%        3d4       2%          2
 Slow                     Hex            23%        N/A       2%          2
 Static Discharge         Conj/Air       23%        N/A       2%          2
 Confusing Touch          Hex            23%        N/A       4%          3
 Conjure Flame            Conj/Fire      23%        6-21      4%          3
 Dazzling Flash           Conj/Hex       46%        N/A       4%          3
 Inner Flame              Hex/Fire       23%        N/A       4%          3
 Mephitic Cloud           Conj/Pois/Air  23%        N/A       4%          3
 Swiftness                Air            23%        N/A       4%          3
 Tukima's Dance           Hex            23%        N/A       4%          3
 Petrify                  Tmut/Erth      42%        N/A       8%          4
 Airstrike                Air            11%        N/A       14%         4
 Fulminant Prism          Conj/Hex       11%        3d9       14%         4
 Iskenderun's Mystic Bla  Conj/Tloc      23%        2d6       14%         4
 Lightning Bolt           Conj/Air       11%        1d24      36%         5
 Malign Gateway           Summ/Tloc      11%        N/A       100%        7
 Disjunction              Tloc           11%        N/A       100%        8


Dungeon Overview and Level Annotations

Branches:
Dungeon (9/15)             Temple (1/1) D:6           Sewer (visited)
Ossuary (visited)
   Lair: D:8-11         Orc: D:9-12

Altars:
Ashenzari
Dithmenos
Elyvilon
Gozag
Hepliaklqana
Kikubaaqudgha
Makhleb
Nemelex Xobeh
Okawaru
Qazlal
Ru
Sif Muna
Trog
Uskayaw
Vehumet
Wu Jian
Yredelemnul

Shops:
D:1 =


Innate Abilities, Weirdness & Mutations

You have very sharp teeth.
Your uncanny sense of smell can sniff out nearby items.
Your experience applies equally to all skills.


Message History

The bolt of electricity hits you.
Lua error: ...ter/crawl-git-5f64966fcc/data/dat/clua/automagic.lua:202: Cannot currently process new keys (there is pending input)
Casting: Stone Arrow (mildly dangerous; 2% risk of failure)
Confirm with . or Enter, or press ? or * to list all spells.
You feel a surge of power!
The stone arrow misses the electric eel.
* * * LOW MAGIC WARNING * * *
The electric eel shoots out a bolt of lightning at you!
The bolt of electricity hits you. The bolt of electricity misses you.
The electric eel shoots out a bolt of lightning at you!
The bolt of electricity hits you!
* * * LOW HITPOINT WARNING * * *
You are too injured to fight recklessly!
Unknown command.
Casting: Stone Arrow (mildly dangerous; 2% risk of failure)
Confirm with . or Enter, or press ? or * to list all spells.
Aiming: Sandblast (safe; 1% risk of failure)
Press: ? - help, Shift-Dir - straight line, f/p - electric eel
Aim: an electric eel (72% to hit)
You feel a surge of power!
The blast of sand hits the electric eel!
The electric eel is severely wounded.
* * * LOW MAGIC WARNING * * *
The electric eel shoots out a bolt of lightning at you!
The bolt of electricity hits you!
* * * LOW HITPOINT WARNING * * *
Casting: Sandblast (safe; 1% risk of failure)
Confirm with . or Enter, or press ? or * to list all spells.
Aiming: Sandblast (safe; 1% risk of failure)
Press: ? - help, Shift-Dir - straight line, f/p - electric eel
Aim: an electric eel (severely wounded, 72% to hit)
You feel a surge of power!
The blast of sand misses the electric eel.
* * * LOW MAGIC WARNING * * *
The electric eel shoots out a bolt of lightning at you!
The bolt of electricity hits you!
* * * LOW HITPOINT WARNING * * *
The electric eel shoots out a bolt of lightning at you!
The bolt of electricity hits you!
You die...

.............#......#
#.########
######.##...........####.#
##≈ ####.####......#≈##.#
##≈≈ #.# ###..##≈≈≈#.#
#≈≈≈ #.#### ##.#≈≈≈≈≈.#
#≈≈≈ #.##≈≈# #)≈≈≈≈≈≈≈##
#≈≈≈ #.#≈≈≈≈##≈≈≈≈≈≈≈≈≈#
#≈≈≈ ≈.≈≈≈≈≈≈#.≈≈≈≈≈≈≈##
##≈≈ ≈≈≈≈≈≈≈≈@..≈≈≈≈≈.#
##≈ ≈≈≈≈≈≈≈≈)≈.#≈≈≈#.# ##
≈≈≈≈≈≈≈≈≈≈##≈##.# #
≈≈≈≈;)≈≈≈.#####.#
≈≈≈≈≈;≈≈#.# #.#
≈≈≈≈≈≈≈##.. #.# ≈≈≈≈≈≈#
#.# ≈≈≈≈≈# .#


You could see 2 electric eels.

Vanquished Creatures
  Harold (D:7)
  A two-headed ogre (D:7)
  Pikel (D:5)
  2 trolls
  A hornet (D:5)
  Prince Ribbit (D:6)
  A wyvern (D:7)
  Menkaure (D:7)
  Edmund (D:4)
  2 swamp worms (D:7)
  3 water moccasins
  Duvessa (D:7)
  A sky beast (D:5)
  A black bear (D:7)
  2 ogres
  2 necrophages
  2 centaurs
  4 lemures (D:5)
  A phantom (D:4)
  4 kobold brigands
  A scorpion (D:4)
  2 bullfrogs (D:7)
  A gnoll sergeant (D:6)
  7 water moccasin zombies (Ossuary)
  Dowan (D:7)
  2 water moccasin skeletons
  4 killer bees (D:8)
  5 electric eels
  4 howler monkeys
  A jelly (D:5)
  An orc priest (D:4)
  A gnoll shaman (D:5)
  5 hounds
  A centaur skeleton (D:3)
  4 iguanas
  A scorpion zombie (D:5)
  Natasha (thrice) (D:3)
  5 orc wizards
  A hound zombie (D:5)
  2 mummies (Ossuary)
  A howler monkey zombie (D:8)
  12 gnolls
  7 adders
  2 white imps
  2 ufetubi
  2 adder skeletons
  4 adder zombies (Ossuary)
  A worm (D:3)
  A dart slug (D:4)
  14 orcs
  6 endoplasms
  6 giant cockroaches
  4 goblins
  9 hobgoblins
  11 jackals
  3 quokkas
  12 ball pythons
  7 bats
  5 frilled lizards
  4 gnoll zombies (Ossuary)
  7 hobgoblin zombies (Ossuary)
  23 kobolds
  3 kobold zombies (Ossuary)
  3 orc zombies (Ossuary)
  6 rats
240 creatures vanquished.

Vanquished Creatures (others)
  12 plants
12 creatures vanquished.

Grand Total: 252 creatures vanquished

Notes
Turn   | Place    | Note
-------+----------+-------------------------------------------
     0 | D:1      | lunkers the Gnoll Earth Elementalist began the quest for
                  | the Orb.
     0 | D:1      | Reached XP level 1. HP: 13/13 MP: 6/6
   293 | D:1      | Found a faded altar of an unknown god.
   318 | D:1      | Reached XP level 2. HP: 19/19 MP: 5/7
   672 | D:1      | Found Quosuorodu's Jewellery Shop.
  1357 | D:2      | Reached skill level 5 in Spellcasting
  1357 | D:2      | Reached skill level 1 in Invocations
  1357 | D:2      | Reached XP level 3. HP: 25/25 MP: 5/9
  1465 | D:2      | Reached skill level 1 in Fighting
  1465 | D:2      | Reached skill level 1 in Short Blades
  1465 | D:2      | Reached skill level 1 in Long Blades
  1465 | D:2      | Reached skill level 1 in Axes
  1465 | D:2      | Reached skill level 1 in Maces & Flails
  1465 | D:2      | Reached skill level 1 in Polearms
  1465 | D:2      | Reached skill level 1 in Staves
  1465 | D:2      | Reached skill level 1 in Slings
  1465 | D:2      | Reached skill level 1 in Bows
  1465 | D:2      | Reached skill level 1 in Crossbows
  1465 | D:2      | Reached skill level 1 in Throwing
  1465 | D:2      | Reached skill level 1 in Armour
  1465 | D:2      | Reached skill level 1 in Shields
  1465 | D:2      | Reached skill level 1 in Unarmed Combat
  1465 | D:2      | Reached skill level 1 in Evocations
  1509 | D:2      | Reached XP level 4. HP: 32/32 MP: 9/11
  1722 | D:2      | Noticed a necrophage
  1725 | D:2      | Killed a necrophage
  1726 | D:2      | Reached skill level 1 in Conjurations
  1726 | D:2      | Reached skill level 1 in Hexes
  1726 | D:2      | Reached skill level 1 in Summonings
  1726 | D:2      | Reached skill level 1 in Necromancy
  1726 | D:2      | Reached skill level 1 in Translocations
  1726 | D:2      | Reached skill level 1 in Fire Magic
  1726 | D:2      | Reached skill level 1 in Ice Magic
  1726 | D:2      | Reached skill level 1 in Air Magic
  1726 | D:2      | Reached skill level 1 in Poison Magic
  1726 | D:2      | Reached XP level 5. HP: 37/37 MP: 9/12
  2201 | D:3      | Noticed Natasha
  2210 | D:3      | Killed Natasha
  2213 | D:3      | Found a glowing drain.
  2251 | Sewer    | Entered a sewer
  2582 | Sewer    | Noticed a kobold brigand
  2584 | Sewer    | Killed a kobold brigand
  2585 | Sewer    | Reached skill level 5 in Dodging
  2585 | Sewer    | Reached XP level 6. HP: 37/44 MP: 11/14
  2846 | D:3      | Learned a level 2 spell: Passwall
  2850 | D:3      | Learned a level 3 spell: Stone Arrow
  3010 | D:3      | Noticed Natasha
  3013 | D:3      | Killed Natasha
  3102 | D:3      | Found a hide-covered altar of Uskayaw.
  3269 | D:3      | Reached XP level 7. HP: 50/50 MP: 2/15
  3290 | D:3      | Noticed Natasha
  3291 | D:3      | Killed Natasha
  3484 | D:3      | Found a hazy altar of Hepliaklqana.
  4490 | D:4      | Reached skill level 5 in Stealth
  5098 | D:4      | Reached XP level 8. HP: 48/57 MP: 1/16
  5398 | D:4      | Noticed Edmund
  5405 | D:4      | Killed Edmund
  5914 | D:5      | Entered Level 5 of the Dungeon
  6034 | D:5      | Noticed a hornet
  6039 | D:5      | Killed a hornet
  6784 | D:5      | Reached XP level 9. HP: 8/65 MP: 0/18
  7274 | D:5      | Found an ornate altar of the Wu Jian Council.
  7355 | D:5      | Noticed Pikel
  7369 | D:5      | Killed Pikel
  7815 | D:6      | Noticed Prince Ribbit
  7830 | D:6      | Killed Prince Ribbit
  8144 | D:6      | Noticed a troll
  8148 | D:6      | Killed a troll
  8149 | D:6      | Reached skill level 5 in Invocations
  9249 | D:6      | Found a staircase to the Ecumenical Temple.
  9798 | Temple   | Entered the Ecumenical Temple
 10079 | D:7      | Noticed Menkaure
 10085 | D:7      | Killed Menkaure
 10086 | D:7      | Reached XP level 10. HP: 73/73 MP: 10/20
 10415 | D:7      | Found a radiant altar of Vehumet.
 10425 | D:7      | Found a basalt altar of Yredelemnul.
 10482 | D:7      | Noticed a two-headed ogre
 10490 | D:7      | Killed a two-headed ogre
 10491 | D:7      | Reached skill level 5 in Fighting
 10491 | D:7      | Reached skill level 5 in Short Blades
 10491 | D:7      | Reached skill level 5 in Long Blades
 10491 | D:7      | Reached skill level 5 in Axes
 10491 | D:7      | Reached skill level 5 in Maces & Flails
 10491 | D:7      | Reached skill level 5 in Polearms
 10491 | D:7      | Reached skill level 5 in Staves
 10491 | D:7      | Reached skill level 5 in Slings
 10491 | D:7      | Reached skill level 5 in Bows
 10491 | D:7      | Reached skill level 5 in Crossbows
 10491 | D:7      | Reached skill level 5 in Throwing
 10491 | D:7      | Reached skill level 5 in Armour
 10491 | D:7      | Reached skill level 5 in Shields
 10491 | D:7      | Reached skill level 5 in Unarmed Combat
 10491 | D:7      | Reached skill level 5 in Evocations
 10796 | D:7      | Noticed Dowan
 10944 | D:7      | Noticed Duvessa
 10947 | D:7      | Killed Duvessa
 11283 | D:7      | Identified the Tome of Fascination and Orientation
 11319 | D:7      | Noticed Harold
 11328 | D:7      | Killed Harold
 11329 | D:7      | Reached skill level 5 in Transmutations
 11375 | D:7      | Killed Dowan
 11854 | D:8      | Found a sand-covered staircase.
 11895 | Ossuary  | Entered an ossuary
 13311 | D:8      | Learned a level 5 spell: Lee's Rapid Deconstruction
 13454 | D:8      | Identified a scroll of acquirement
 13454 | D:8      | Acquired the ring of Caefiriof {rF+ rN+ rCorr Str-2 Slay+2}
 13483 | D:9      | Found the amulet of the Four Winds {rN+ Will+++ Clar}
 13966 | D:9      | Reached XP level 11. HP: 63/81 MP: 11/22
 14180 | D:9      | Killed from afar by an electric eel

Illustrated notes

Levels and vault maps discovered:
D:1:      dpeg_arrival_long_road, layout_basic,
          shapermc_ecumenical_altar_flowoftime, serial_shops, shop
D:2:      kennysheep_six_static_rooms, layout_loops_ring
D:3:      layout_basic, lemuel_round_altar, overflow_temple_1_default,
          cheibrodos_sewer_entry_drain, uniq_natasha
D:4:      layout_rooms, grunt_decor_mini_mirrors, kennysheep_crisscross,
          hex_intersection, uniq_edmund
D:5:      layout_basic, nzn_wu_jian_council_hall, uniq_pikel
D:6:      layout_layer_cave, minmay_temple_entry_antechambers, serial_bayou,
          serial_bayou_pond_e, serial_bayou_lagoon_a, serial_bayou_pond_e,
          serial_bayou_pond_d, serial_bayou_lake_a, uniq_prince_ribbit1
D:7:      layout_basic, minitemple, worms_lemuel, uniq_harold, uniq_duvessa,
          uniq_menkaure
D:8:      layout_rooms, nicolae_ossuary_entry_ruins
D:9:      layout_basic
Temple:   minmay_temple_bridge_abc

Skill      XL: |  1  2  3  4  5  6  7  8  9 10 |
---------------+-------------------------------+-----
Transmutations | 2 3 4 5 |  5.4
Spellcasting   | 5 6 7 |  7.8
Invocations    | 1 2 3 4 5 6 |  6.5
Fighting       | 1 2 3 4 5 |  5.9
Short Blades   | 1 2 3 4 5 |  5.9
Long Blades    | 1 2 3 4 5 |  5.9
Axes           | 1 2 3 4 5 |  5.9
Maces & Flails | 1 2 3 4 5 |  5.9
Polearms       | 1 2 3 4 5 |  5.9
Staves         | 1 2 3 4 5 |  5.9
Slings         | 1 2 3 4 5 |  5.9
Bows           | 1 2 3 4 5 |  5.9
Crossbows      | 1 2 3 4 5 |  5.9
Throwing       | 1 2 3 4 5 |  5.9
Armour         | 1 2 3 4 5 |  5.9
Shields        | 1 2 3 4 5 |  5.9
Unarmed Combat | 1 2 3 4 5 |  5.9
Evocations     | 1 2 3 4 5 |  5.9
Conjurations   | 1 2 3 4 |  4.9
Hexes          | 1 2 3 4 |  4.9
Summonings     | 1 2 3 4 |  4.9
Necromancy     | 1 2 3 4 |  4.9
Translocations | 1 2 3 4 |  4.9
Fire Magic     | 1 2 3 4 |  4.9
Ice Magic      | 1 2 3 4 |  4.9
Air Magic      | 1 2 3 4 |  4.9
Poison Magic   | 1 2 3 4 |  4.9
Dodging        | 5 6 7 |  7.5
Stealth        | 5 6 7 |  7.3
Earth Magic    | 6 7 |  7.4

Action                   |  1- 3 |  4- 6 |  7- 9 | 10-12 || total
-------------------------+-------+-------+-------+-------++-------
Melee: Staff             |       |     3 |    31 |    35 ||    69
       Bite              |       |     1 |     1 |     3 ||     5
 Cast: Sandblast         |    23 |    57 |    20 |    13 ||   113
       Stone Arrow       |       |    12 |   136 |   103 ||   251
Evoke: Wand              |       |       |     7 |     3 ||    10
  Use: Scroll            |       |       |       |    17 ||    17
Armor: Robe              |       |     3 |     5 |     8 ||    16
Dodge: Dodged            |       |    11 |    60 |    26 ||    97
Block: Buckler           |       |       |       |    13 ||    13

Table legend: (Time is in decaauts)
 A = Elapsed time spent in this place.
 B = Non-inter-level travel time spent in this place.
 C = Inter-level travel time spent in this place.
 D = Time resting spent in this place.
 E = Time spent auto-exploring this place.
 F = Levels seen in this place.
 G = Mean time per level.
                   A        B        C        D        E       F      G
               +--------+--------+--------+--------+--------+-----+--------+
         Total |  14298 |  13859 |    439 |   1301 |  11098 |  12 | 1191.5 |
       Dungeon |  12792 |  12363 |    429 |   1301 |   9843 |   9 | 1421.3 |
        Temple |    220 |    210 |     10 |      0 |    199 |   1 |  220.0 |
         Sewer |    613 |    613 |      0 |      0 |    506 |   1 |  613.0 |
       Ossuary |    672 |    672 |      0 |      0 |    550 |   1 |  672.0 |
               +--------+--------+--------+--------+--------+-----+--------+

Top non-repeatable levels by time:
     D:6: 2023 daAuts
     D:5: 1913 daAuts
     D:7: 1810 daAuts
     D:4: 1723 daAuts
     D:3: 1410 daAuts
     D:1: 1252 daAuts
     D:8: 975 daAuts
     D:2: 947 daAuts
     D:9: 735 daAuts
 Ossuary: 672 daAuts
   Sewer: 613 daAuts
  Temple: 220 daAuts
